Map: Habitation Station LE (Void)

Players

beerandmath

  • Race: Terran Terran
  • League: Platinum
  • Spawn Location: 1:00

ScarletAerie - Winner!

  • Race: Zerg Zerg
  • League: Platinum
  • Spawn Location: 11:00

VOD

Have the link to the VOD?

Description

Time

  • Played on: Jan. 20, 2017, 6:18 p.m.
  • Length: 19:49
Show
View Real Time Build Order
Export as new Build Order

beerandmath Terran 

Build Orders: Reaper Expand 

Get SALT Encoding   

  12  0:00  SCV  
  13  0:13  SCV  
  14  0:18  Supply Depot  
  14  0:25  SCV  
  15  0:39  SCV  
  16  0:45  Barracks  
  16  0:50  Refinery  
  16  0:51  SCV  
  17  1:04  SCV  
  18  1:22  Command Center  
  18  1:27  SCV  
  19  1:34  Reaper  
  19  1:37  Supply Depot  
  20  1:41  SCV  
  21  1:53  Orbital Command  
  21  2:12  Factory  
  21  2:14  Refinery  
  21  2:23  SCV  
  21  2:24  Barracks Tech Lab  
  22  2:34  SCV  
  22  2:35  SCV  
  24  2:47  SCV x2  
  26  2:59  Orbital Command  
  26  3:01  Factory Tech Lab  
  26  3:06  Starport  
  26  3:07  SCV  
  26  3:08  Barracks  
  26  3:10  Barracks  
  27  3:23  Marine  
  28  3:27  SCV x2  
  30  3:37  Siege Tank  
  30  3:39  SCV x2  
  35  3:45  Starport Reactor  
  35  3:46  Marine  
  36  3:57  SCV  
  36  3:59  Orbital Command  
  36  4:02  Barracks Reactor x2  
  37  4:17  Siege Tank  
  40  4:27  SCV  
  40  4:29  Marine  
  42  4:35  Medivac  
  44  4:39  SCV  
  44  4:41  SCV  
  46  4:50  Supply Depot  
  46  4:54  Supply Depot  
  46  4:55  SCV x2, Marine x5  
  53  5:06  Refinery  
  53  5:07  SCV  
  53  5:09  Bunker  
  53  5:11  Refinery  
  53  5:12  SCV  
  53  5:13  Marine x2  
  57  5:17  Marine x3  
  57  5:19  SCV  
  61  5:21  Medivac  
  61  5:24  Medivac, SCV  
  66  5:31  SCV, Marine x2  
  66  5:34  Marine  
  69  5:41  SCV  
  70  5:47  Supply Depot  
  70  5:49  Supply Depot  
  70  5:50  Supply Depot  
  70  6:01  Starport Tech Lab  
  70  6:03  SCV, Widow Mine x2, Marine x3  
  70  6:04  Supply Depot  
  78  6:06  Supply Depot x2  
  78  6:08  Liberator  
  78  6:09  SCV, Marine x2  
  81  6:15  SCV  
  82  6:21  SCV, Marine x3  
  89  6:26  Marine x2  
  89  6:28  SCV  
  92  6:39  Marine x3  
  95  6:43  SCV x2  
  97  6:48  Engineering Bay, Widow Mine x2  
  101  6:55  SCV x2  
  101  6:59  Command Center  
  103  7:07  SCV x2  
  103  7:08  Viking, Marine x5  
  112  7:25  Marine  
  110  7:38  Viking  
  110  7:39  Stimpack  
  112  7:45  Barracks  
  112  7:46  Terran Infantry Weapons Level 1  
  112  7:48  Missile Turret  
  112  7:50  Engineering Bay, Missile Turret  
  110  8:06  Missile Turret x2  
  110  8:10  Missile Turret  
  110  8:12  Missile Turret  
  110  8:22  SCV x2  
  110  8:24  Terran Infantry Armor Level 1  
  112  8:29  Armory  
  112  8:34  SCV  
  112  8:37  Missile Turret x2  
  112  8:40  Liberator, Planetary Fortress  
  112  8:41  Missile Turret  
  112  8:44  SCV  
  112  8:46  SCV  
  114  8:56  SCV  
  114  8:58  SCV, Marine x5  
  114  8:59  Missile Turret  
  114  9:00  Widow Mine x2  
  128  9:15  Marine  
  128  9:16  Marine x2  
  128  9:17  Marauder  
  133  9:18  Marine  
  134  9:24  Supply Depot, Command Center, Armory  
  134  9:26  Supply Depot, Refinery x2  
  134  9:28  Supply Depot  
  134  9:32  Widow Mine x2  
  134  9:33  Marine x3  
  134  9:34  Ghost Academy  
  141  9:42  Supply Depot  
  141  9:43  Supply Depot  
  141  9:46  Liberator  
  141  9:48  Terran Infantry Weapons Level 2  
  141  10:00  Marine  
  141  10:03  Widow Mine x2, Marine  
  141  10:04  Marine x2  
  151  10:09  Marine  
  152  10:18  Barracks, Marine  
  152  10:21  Marine  
  154  10:23  Factory  
  154  10:29  Liberator  
  154  10:31  Widow Mine  
  154  10:35  Personal Cloaking  
  156  10:36  Widow Mine  
  156  10:39  Marine x4  
  156  10:40  Ghost  
  163  10:54  Starport  
  163  10:56  Marine  
  163  10:57  Marine  
  165  11:09  Ghost  
  167  11:20  SCV, Command Center  
  167  11:21  SCV x2  
  167  11:24  Terran Ship Weapons Level 1  
  170  11:30  Terran Vehicle And Ship Armor Level 1  
  170  11:32  SCV  
  170  11:33  SCV  
  170  11:39  Supply Depot  
  172  11:40  Supply Depot  
  172  11:43  Supply Depot x2  
  172  12:00  Marine x6  
  172  12:01  SCV x2, Widow Mine x2  
  169  12:18  Marine x6  
  175  12:31  Widow Mine x2  
  175  12:32  Factory Reactor  
  175  12:35  Medivac  
  175  12:36  Marine x3  
  183  13:05  Medivac  
  113  13:27  Marine x6  
  113  13:28  Widow Mine x3  
  125  13:35  Medivac  
  125  13:39  Command Center  
  127  13:45  Marine x6  
  132  14:02  Marine  
  132  14:03  Marine x4  
  132  14:05  Medivac  
  132  14:06  Terran Infantry Weapons Level 3, Terran Infantry Armor Level 2  
  132  14:08  Terran Vehicle And Ship Armor Level 2, Terran Ship Weapons Level 2  
  140  14:10  SCV x3  
  140  14:14  Planetary Fortress  
  142  14:22  SCV x3  
  145  14:26  Marine x4  
  145  14:27  Marine x2  
  145  14:30  Refinery  
  151  14:31  Missile Turret  
  151  14:33  Missile Turret x2, Refinery  
  151  14:35  Medivac, Missile Turret  
  153  14:44  Marine x4  
  153  14:45  Marine x2  
  155  14:55  Widow Mine x2  
  155  14:56  Widow Mine x2  
  163  15:02  Marine x4  
  163  15:03  Marine x2  
  163  15:04  Barracks  
  169  15:08  Barracks x2  
  169  15:16  Command Center  
  169  15:19  Marine  
  169  15:20  Marine x3  
  173  15:24  Widow Mine  
  173  15:26  Command Center  
  150  15:43  Ghost  
  150  15:44  Marine x5  
  150  15:47  Widow Mine  
  157  16:02  Marine x5  
  162  16:08  Barracks Tech Lab  
  162  16:09  Barracks Tech Lab x2  
  162  16:11  Ghost  
  164  16:19  Marine  
  164  16:22  Hi-Sec Auto Tracking  
  156  16:40  Ghost  
  156  16:43  Building Armor  
  85  17:08  Ghost  
  85  17:12  Ghost x3  
  85  17:13  Ghost  
  85  17:14  Marine  
  94  17:37  Ghost  
  94  17:43  Marine x2  
  94  17:44  Marine x3  
  101  17:55  Marine x2  
  103  18:15  Ghost  
  103  18:16  Marine  
  104  18:36  SCV  
  104  18:37  SCV x2  
  107  18:49  SCV  
  107  18:52  Marine  
  107  18:53  Marine x7  
  107  18:54  Marine x2  
  114  19:17  Refinery  
  114  19:25  Command Center  
Show
View Real Time Build Order
Export as new Build Order

ScarletAerie Zerg - Winner!

Build Orders: Hatch First, Muta Ling Bane 

Get SALT Encoding   

  12  0:01  Drone  
  13  0:12  Overlord  
  13  0:17  Drone  
  14  0:31  Drone x2  
  16  0:39  Drone  
  17  0:55  Hatchery  
  16  1:01  Drone  
  17  1:11  Spawning Pool  
  16  1:16  Extractor, Drone  
  16  1:18  Drone  
  16  1:22  Drone  
  18  1:29  Overlord  
  18  1:40  Drone  
  19  1:58  Queen  
  19  2:01  Zergling x4  
  23  2:07  Queen  
  25  2:10  Drone  
  26  2:18  Zergling x2  
  26  2:19  Metabolic Boost  
  27  2:23  Zergling x2  
  27  2:28  Drone  
  28  2:38  Drone  
  28  2:39  Drone  
  30  2:48  Drone x2  
  31  2:59  Zergling x2  
  31  3:00  Zergling x2  
  33  3:06  Queen  
  33  3:07  Overlord x2  
  35  3:26  Zergling x10  
  40  3:28  Zergling x2  
  41  3:37  Overlord x2  
  41  3:38  Overlord  
  41  3:45  Zergling x4  
  43  3:51  Baneling Nest  
  43  3:52  Zergling x8  
  43  3:53  Zergling x2  
  48  4:10  Drone x5  
  48  4:13  Extractor  
  51  4:20  Drone x4  
  53  4:30  Drone  
  53  4:31  Drone  
  55  4:34  Drone x2  
  57  4:52  Hatchery  
  56  5:01  Lair  
  56  5:06  Evolution Chamber  
  55  5:09  Zergling x4, Evolution Chamber  
  55  5:10  Zergling x8  
  55  5:11  Drone x2  
  55  5:12  Drone x2  
  64  5:18  Baneling x2  
  64  5:19  Baneling x4  
  64  5:40  Zerg Ground Armor Level 1, Zerg Melee Weapons Level 1  
  64  5:45  Zergling x8  
  64  5:49  Queen  
  70  5:56  Zergling x2  
  72  5:57  Zergling x2  
  72  6:02  Spire  
  72  6:04  Overlord x4  
  71  6:12  Centrifical Hooks  
  71  6:23  Queen, Drone  
  71  6:25  Drone x4  
  78  6:26  Drone  
  79  6:35  Drone x2  
  79  6:36  Drone x3  
  84  6:43  Drone x3  
  84  6:44  Drone x2  
  89  6:47  Extractor  
  88  7:09  Zergling x2  
  88  7:10  Zergling x8  
  88  7:11  Overlord x4  
  93  7:15  Mutalisk  
  93  7:16  Mutalisk x2  
  93  7:31  Overseer  
  93  7:32  Overseer  
  93  7:36  Spore Crawler  
  92  7:39  Zergling x2  
  92  7:40  Spore Crawler, Zergling x2  
  92  7:41  Drone  
  92  7:42  Drone x4  
  98  7:50  Mutalisk  
  100  7:54  Zergling x8  
  100  7:55  Zergling x8  
  108  8:00  Extractor, Queen  
  109  8:10  Drone x3  
  109  8:11  Drone x3  
  115  8:16  Extractor  
  115  8:17  Extractor  
  115  8:18  Queen  
  115  8:23  Mutalisk x2  
  119  8:33  Zerg Melee Weapons Level 2  
  119  8:35  Queen  
  119  8:37  Overlord x2  
  119  8:38  Overlord  
  121  8:48  Zergling x10  
  124  8:49  Zergling x4  
  124  8:52  Baneling  
  124  8:53  Baneling x5  
  124  8:54  Hatchery  
  127  9:14  Zergling x12  
  127  9:15  Zergling x4  
  135  9:29  Mutalisk x3  
  141  9:39  Zergling x6, Infestation Pit  
  141  9:40  Zergling x8  
  141  9:45  Drone x4  
  150  9:51  Mutalisk x2  
  154  10:03  Overlord x3  
  154  10:15  Corruptor x2  
  154  10:19  Zerg Ground Armor Level 2  
  154  10:20  Overlord  
  154  10:21  Overlord x3  
  158  10:31  Corruptor x2  
  162  10:36  Baneling x4  
  162  10:42  Extractor  
  161  10:44  Queen  
  161  10:48  Corruptor x2  
  161  10:49  Extractor  
  166  10:57  Drone  
  166  10:58  Drone x11  
  178  11:06  Hive  
  178  11:17  Corruptor x3  
  184  11:26  Drone x3  
  184  11:27  Drone x3  
  184  11:49  Corruptor x3  
  184  11:50  Corruptor x3  
  196  12:00  Corruptor x2  
  196  12:08  Corruptor  
  195  12:31  Baneling  
  195  12:32  Baneling x6  
  195  12:33  Baneling  
  195  12:34  Zergling x10  
  200  12:46  Zerg Melee Weapons Level 3  
  200  12:47  Zerg Ground Armor Level 3  
  125  13:06  Zergling x2  
  125  13:07  Zergling x24  
  125  13:11  Zergling x6  
  120  13:23  Zergling x2  
  120  13:24  Zergling x6  
  122  13:34  Zergling x8  
  124  13:37  Adrenal Glands  
  126  13:43  Ultralisk Cavern  
  125  13:53  Zergling x6  
  125  13:54  Zergling x12  
  125  13:55  Hatchery  
  131  14:07  Zergling x10  
  131  14:08  Zergling x16  
  144  14:11  Baneling x10  
  144  14:12  Baneling x4  
  144  14:14  Zergling x4  
  144  14:15  Zergling x2  
  147  14:29  Chitinous Plating  
  147  14:32  Ultralisk x2  
  147  14:33  Ultralisk x2  
  147  14:35  Zergling x6  
  147  14:36  Zergling x20  
  184  14:44  Overlord x3  
  171  14:53  Overlord  
  171  14:54  Overlord x3  
  171  15:14  Ultralisk x4  
  189  15:16  Overlord  
  189  15:18  Zergling x2  
  196  15:34  Zergling x28  
  196  15:35  Zergling x6  
  173  15:40  Ultralisk  
  177  16:02  Zergling x4  
  177  16:03  Zergling x34  
  196  16:21  Zergling x2  
  196  16:22  Zergling x4  
  189  16:34  Ultralisk  
  189  16:35  Ultralisk  
  188  16:44  Ultralisk x2  
  188  16:46  Zergling x10  
  172  16:58  Zergling x12  
  172  16:59  Zergling x6  
  159  17:09  Zergling x6  
  159  17:10  Zergling x8  
  165  17:18  Drone x4  
  163  17:38  Extractor x2  
  161  17:52  Overseer x3  
  161  17:55  Ultralisk x3  
  161  17:56  Zergling x2  
  161  17:57  Zergling x6  
  182  18:18  Zergling x10  
  182  18:19  Zergling x4  
  188  18:47  Ultralisk Cavern  
  187  18:49  Zergling x2  
  187  18:50  Zergling x26  
  195  18:57  Spawning Pool  
  195  19:01  Overlord, Corruptor  
Tags
 
Add a new tag
Caveats
  • Supply blocks, unpowered buildings, or Contaminate may cause inaccurate times.
  • Supply counts are checked every 10 seconds.